 Dungeon Crawl Stone Soup version 0.24.0-123-gd5b16e6ec5 (webtiles) character file.

Game seed: 11563698320796212356, levelgen mode: deterministic

3 RETERIOR the Caller (level 1, 11/14 HPs)
             Began as a Draconian Summoner on Jan 11, 2020.
             Got out of the dungeon alive.
             The game lasted 00:03:07 (224 turns).

RETERIOR the Caller (Draconian Summoner)             Turns: 224, Time: 00:03:08

Health: 11/14      AC:  4    Str: 10    XL:     1   Next: 41%
Magic:  3/3        EV: 12    Int: 15    God:
Gold:   0          SH:  0    Dex: 11    Spells: 3/4 levels left

rFire    . . .     SeeInvis .   (no weapon)
rCold    . . .     Gourm    .   (no shield)
rNeg     . . .     Faith    .   (armour unavailable)
rPois    .         Spirit   .   (helmet restricted)
rElec    .         Reflect  .   (no cloak)
rCorr    .         Harm     .   (no gloves)
MR       .....                  (no boots)
Stlth    ++........             (no amulet)
HPRegen  0.04/turn              (no ring)
MPRegen  0.08/turn              (no ring)

@: no status effects
A: unfitting armour, cold-blooded, AC +4
a: no special abilities


You escaped.
You were not hungry.

You visited 1 branch of the dungeon, and saw 1 of its levels.

Inventory:

Scrolls
 a - 2 scrolls of teleportation {unknown}
 c - a scroll of enchant armour {unknown}
Comestibles
 b - 3 rations


   Skills:
 + Level 1.8 Dodging
 + Level 1.7 Stealth
 + Level 2.0 Spellcasting
 + Level 4.1 Summonings


You had 3 spell levels left.
You knew the following spells:

 Your Spells              Type           Power        Failure   Level  Hunger
a - Summon Small Mammal   Summ           ##..         4%          1    #......

Your spell library contained the following spells:

 Spells                   Type           Power        Failure   Level  Hunger
 Call Imp                 Summ           ##......     6%          2    ###....
 Call Canine Familiar     Summ           ##......     12%         3    ###....
 Summon Guardian Golem    Hex/Summ       #.......     28%         3    ###....
 Summon Ice Beast         Ice/Summ       #.......     67%         4    #####..
 Summon Lightning Spire   Summ/Air       #.......     67%         4    #####..


Dungeon Overview and Level Annotations

Branches:
Dungeon (1/15)

Altars:


Innate Abilities, Weirdness & Mutations

Your plain brown scales are hard. (AC +4)
You cannot fit into any form of body armour.
You are cold-blooded and may be slowed by cold attacks.


Message History

b - 3 rations (gained 1)
There is a staircase leading out of the dungeon here.
Unknown command.
You can't go down here!
Are you sure you want to leave the Dungeon?
This will make you lose the game!
Uppercase [Y]es or [N]o only, please.
Are you sure you want to leave the Dungeon?
This will make you lose the game!
Uppercase [Y]es or [N]o only, please.
Are you sure you want to leave the Dungeon?
This will make you lose the game!
Uppercase [Y]es or [N]o only, please.
Are you sure you want to leave the Dungeon?
This will make you lose the game!
Uppercase [Y]es or [N]o only, please.
Are you sure you want to leave the Dungeon?
This will make you lose the game!
Uppercase [Y]es or [N]o only, please.
Are you sure you want to leave the Dungeon?
This will make you lose the game!
Uppercase [Y]es or [N]o only, please.
Are you sure you want to leave the Dungeon?
This will make you lose the game!
Uppercase [Y]es or [N]o only, please.
Are you sure you want to leave the Dungeon?
This will make you lose the game!
You have escaped!

##'#........## #
#.#........##.# #
###.#........##.#
#.#######...#............
####.#≈≈≈≈≈....#........##.#
.....≈≈≈≈≈...........>......
#....≈≈≈≈.....####..........
#....≈≈≈......##########...#
#....≈≈..(.@................
..>..≈≈≈.......#............
####.≈≈≈....................
#.≈≈≈≈.....##.#........#.
#.#≈≈≈≈.≈≈#.#....#######.
#.#≈≈≈≈≈≈≈#.............. #
#########.##...........
#.##........^..
#.#..........#.


There were no monsters in sight!

Vanquished Creatures
  A hobgoblin (D:1)
  2 bats (D:1)
  A frilled lizard (D:1)
4 creatures vanquished.

Notes
Turn   | Place    | Note
-------+----------+-------------------------------------------
     0 | D:1      | RETERIOR the Draconian Summoner began the quest for the
                  | Orb.
     0 | D:1      | Reached XP level 1. HP: 14/14 MP: 3/3
   224 | D:$      | Got out of the dungeon alive.

Levels and vault maps discovered:
D:1:      dpeg_arrival_pond, layout_basic, chequers_serial_rivers_micro_b,
          lemuel_flame_loot_1

Action                   || total
-------------------------++-------
Melee: Unarmed           ||    20
       Tailslap          ||     3
 Cast: Summon Small Mamm ||     2
Armor: Skin              ||    27
Dodge: Dodged            ||    46
